[Event "ICC tourney 2603 (40 5)"]
[Site "Internet Chess Club"]
[Date "2021.06.12"]
[Round "3"]
[White "KAZAN, JUDE:K05-16350155"]
[Black "LIU, ERIC CHANG:K05-16650666"]
[Result "0-1"]
[ICCResult "White checkmated"]
[WhiteElo "1712"]
[BlackElo "2045"]
[Opening "Sicilian defense"]
[ECO "B20"]
[NIC "SI.48"]
[Time "17:00:30"]
[PlyCount "94"]
[TimeControl "2400+5"]

1. e4 c5 2. a3 d6 3. Nc3 a6 4. Bc4 Nf6 5. d3 b5 6. Ba2 g6 7. f4 Bb7 8. Nf3
e6 9. Qe2 Bc6 10. f5 gxf5 11. exf5 e5 12. Ng5 Ra7 13. Be3 h6 14. Bxc5 Rd7
15. Bxf7+ Rxf7 16. Nxf7 Kxf7 17. Be3 d5 18. Bd2 Bc5 19. O-O-O Nbd7 20. Be1
a5 21. Bf2 b4 22. axb4 axb4 23. Nb1 Bxf2 24. Qxf2 Ng4 25. Qe2 Qg5+ 26. Nd2
Ra8 27. Kb1 Ne3 28. Rdg1 d4 29. Nc4 Nxc4 30. dxc4 Ra5 31. h4 Qg7 32. Qh5+
Kf8 33. Rh2 Nf6 34. Qe2 Qa7 35. c3 b3 36. Kc1 Ra1+ 37. Kd2 Ne4+ 38. Kd3
Rxg1 39. Qh5 Rd1+ 40. Ke2 Ng3+ 41. Kxd1 Nxh5 42. g4 Bf3+ 43. Ke1 Bxg4 44.
Kf2 dxc3+ 45. Ke1 c2 46. Kd2 Qd4+ 47. Kc1 Qd1# { White checkmated } 0-1

[Event "ICC tourney 2603 (40 5)"]
[Site "Internet Chess Club"]
[Date "2021.06.12"]
[Round "3"]
[White "CHANG, LUCA:K05-16081600"]
[Black "WANG, ALEXANDER J:K05-15983386"]
[Result "0-1"]
[ICCResult "White checkmated"]
[WhiteElo "1533"]
[BlackElo "2124"]
[Opening "QGD: Tarrasch, Prague variation"]
[ECO "D33"]
[NIC "TD.09"]
[Time "17:00:27"]
[PlyCount "108"]
[TimeControl "2400+5"]

1. d4 d5 2. c4 e6 3. Nc3 c5 4. cxd5 exd5 5. Nf3 Nc6 6. g3 Nf6 7. Bg2 cxd4
8. Nxd4 Bc5 9. Nb3 Bb4 10. Qd3 Be6 11. O-O h6 12. Rd1 Bxc3 13. Qxc3 Qe7 14.
Be3 Rc8 15. Rac1 b6 16. Qd2 O-O 17. Nd4 Ne5 18. b3 Ne4 19. Qb2 Ng4 20. Nc6
Qb7 21. Ne5 Nxe3 22. fxe3 Rfd8 23. Nd3 Qe7 24. Nf4 g5 25. Rxc8 Rxc8 26.
Nxd5 Bxd5 27. Rxd5 Qb4 28. Rd1 Nc3 29. Rd4 Qa5 30. a4 Qf5 31. Qd2 Nb1 32.
Rd8+ Kh7 33. Rxc8 Nxd2 34. Rd8 Qb1+ 35. Kf2 Ne4+ 36. Kf3 Nf6 37. Kf2 Qxb3
38. Rd4 Kg7 39. h3 a5 40. g4 b5 41. axb5 Qxb5 42. e4 a4 43. e5 Nd7 44. Bf3
Nxe5 45. Re4 Nxf3 46. exf3 Qb3 47. Re2 a3 48. Ke1 a2 49. Rxa2 Qxa2 50. Kf1
Kf6 51. Ke1 Ke5 52. Kf1 Kf4 53. Kg1 Kxf3 54. Kh1 Qg2# { White checkmated }
0-1

[Event "ICC tourney 2603 (40 5)"]
[Site "Internet Chess Club"]
[Date "2021.06.12"]
[Round "3"]
[White "ARAVINDAKSHAN, SAHANA:K05-16741147"]
[Black "RALLABANDI, SAHASRAK:K05-16751997"]
[Result "1-0"]
[ICCResult "Black checkmated"]
[WhiteElo "1587"]
[BlackElo "1306"]
[Opening "King's Indian: Four pawns attack"]
[ECO "E76"]
[NIC "KI.31"]
[Time "17:00:27"]
[PlyCount "149"]
[TimeControl "2400+5"]

1. d4 Nf6 2. c4 g6 3. Nc3 Bg7 4. e4 d6 5. f4 O-O 6. Nf3 Bg4 7. Be2 c6 8.
O-O d5 9. cxd5 cxd5 10. e5 Ne4 11. Be3 Nc6 12. Qb3 Nxc3 13. bxc3 Rb8 14. h3
Bf5 15. Nh4 Be4 16. Bf3 e6 17. Bxe4 dxe4 18. g3 Qe7 19. Qc2 f5 20. exf6
Bxf6 21. Ng2 Na5 22. Qxe4 Nc4 23. Rfe1 Nd6 24. Qd3 Nf5 25. Bf2 Rfd8 26. Re2
g5 27. fxg5 Bxg5 28. Rae1 Rd6 29. g4 Ng7 30. Bg3 Rbd8 31. Bxd6 Rxd6 32. Ne3
Bh4 33. Rf1 Qg5 34. Ng2 h5 35. Nxh4 Qxh4 36. Ref2 Rd8 37. Rf7 hxg4 38. Rxb7
gxh3 39. Qg6 Qh7 40. Qf7+ Kh8 41. Qf8+ Qg8 42. Qxg8+ Rxg8 43. Rff7 Nf5+ 44.
Kh2 Rc8 45. Rfc7 Rd8 46. Kxh3 Nd6 47. Rh7+ Kg8 48. Rbg7+ Kf8 49. Rg1 Nf7
50. Rf1 Rd7 51. Kg4 Kg8 52. Rhh1 Rd5 53. Rhg1 Kf8 54. Kh4 e5 55. dxe5 Rxe5
56. Rf3 Re4+ 57. Kh3 Ke8 58. Rg8+ Ke7 59. Rg7 Ke8 60. Rgxf7 Kd8 61. Rg3 Re8
62. Rfg7 Rh8+ 63. Kg2 Re8 64. Rg8 Rxg8 65. Rxg8+ Kc7 66. Rg6 Kb7 67. Kf3 a6
68. Ke4 Ka7 69. Kd5 Kb7 70. Kc5 Ka7 71. Rg7+ Kb8 72. Kc6 Ka8 73. Kb6 a5 74.
a4 Kb8 75. Rg8# { Black checkmated } 1-0

[Event "ICC tourney 2603 (40 5)"]
[Site "Internet Chess Club"]
[Date "2021.06.13"]
[Round "4"]
[White "VEMPARALA, NIKASH:K05-16438800"]
[Black "MARIAN, AARON:K05-15799497"]
[Result "1-0"]
[ICCResult "Black checkmated"]
[WhiteElo "1684"]
[BlackElo "1400"]
[Opening "Sicilian: closed"]
[ECO "B23"]
[NIC "SI.44"]
[Time "11:00:21"]
[PlyCount "73"]
[TimeControl "2400+5"]

1. e4 c5 2. Nc3 d6 3. g3 Nf6 4. Bg2 Nc6 5. d3 a6 6. f4 b5 7. e5 Bb7 8. exf6
exf6 9. Nge2 Be7 10. O-O O-O 11. f5 Na5 12. Nd5 Re8 13. Bd2 Nc6 14. c4 Ne5
15. Qc2 Bf8 16. Nef4 Nc6 17. Be3 bxc4 18. dxc4 Ne5 19. Bf2 g6 20. fxg6 Nxg6
21. Nxg6 fxg6 22. Nxf6+ Qxf6 23. Bxb7 Rab8 24. Bd5+ Kh8 25. b3 Qg7 26. Rad1
Re5 27. Be1 Rbe8 28. Bc3 h5 29. Rde1 h4 30. Bxe5 Rxe5 31. Rxe5 dxe5 32. Qe4
g5 33. Rf7 Qh6 34. Qxe5+ Kg8 35. Rg7+ Kh8 36. Rg8+ Kh7 37. Qh8# { Black
checkmated } 1-0

[Event "ICC tourney 2603 (40 5)"]
[Site "Internet Chess Club"]
[Date "2021.06.13"]
[Round "4"]
[White "KONDABATHINI, NAMISH:K05-16992657"]
[Black "KURUP, SIDDHARTH:K05-16282415"]
[Result "0-1"]
[ICCResult "White checkmated"]
[WhiteElo "1076"]
[BlackElo "1528"]
[Opening "QGD Slav defense: exchange variation"]
[ECO "D13"]
[NIC "SL.01"]
[Time "11:00:15"]
[PlyCount "96"]
[TimeControl "2400+5"]

1. d4 d5 2. c4 c6 3. cxd5 cxd5 4. Nc3 Nf6 5. Bf4 Nc6 6. Nf3 e6 7. a3 Be7 8.
e3 O-O 9. Be2 b6 10. O-O Bb7 11. h3 Ne4 12. Rc1 Rc8 13. Nxe4 dxe4 14. Nd2
Qd5 15. Bc4 Qf5 16. Bb3 Nxd4 17. Rxc8 Rxc8 18. Ba2 Rc1 19. Qa4 Rxf1+ 20.
Nxf1 Ne2+ 21. Kh1 Nxf4 22. exf4 Qxf4 23. Qd7 Qxf2 24. Bc4 Qc5 25. Qxb7 Qxc4
26. Qxe7 Qxf1+ 27. Kh2 Qf4+ 28. Kh1 h6 29. Qe8+ Kh7 30. Qd7 e3 31. Qd3+ f5
32. g4 Qe4+ 33. Qxe4 fxe4 34. Kg1 Kg6 35. Kf1 Kg5 36. Ke2 Kf4 37. b4 b5 38.
h4 e5 39. h5 a6 40. Ke1 Kxg4 41. Ke2 Kf4 42. Ke1 Kf3 43. Kf1 e2+ 44. Ke1
Ke3 45. a4 bxa4 46. b5 a3 47. b6 a2 48. b7 a1=R# { White checkmated } 0-1

[Event "ICC tourney 2603 (40 5)"]
[Site "Internet Chess Club"]
[Date "2021.06.13"]
[Round "4"]
[White "ZHUANG, KYLE:K05-16368295"]
[Black "KESIREDDY, SAIKARUNYA:K05-16974321"]
[Result "1-0"]
[ICCResult "Black checkmated"]
[WhiteElo "1637"]
[BlackElo "880"]
[Opening "Petrov: Nimzovich attack"]
[ECO "C42"]
[NIC "RG.03"]
[Time "11:00:19"]
[PlyCount "97"]
[TimeControl "2400+5"]

1. e4 e5 2. Nf3 Nf6 3. Nxe5 d6 4. Nf3 Nxe4 5. Nc3 Nxc3 6. dxc3 Be7 7. Bf4
Nc6 8. Bd3 Be6 9. Qd2 Qd7 10. O-O-O O-O-O 11. Rhe1 Rhe8 12. h4 Bf5 13. Bb5
a6 14. Ba4 b5 15. Bb3 Bg6 16. c4 Na7 17. Qa5 Qc6 18. Nd4 Qb6 19. Qxb6 cxb6
20. cxb5 axb5 21. g3 b4 22. Ba4 Rf8 23. Bc6 Bf6 24. Bf3 Kc7 25. h5 Bxd4 26.
Rxd4 Bf5 27. Re7+ Rd7 28. Bxd6+ Kc8 29. Rxd7 Kxd7 30. Bxf8+ Ke8 31. Bxg7
Ke7 32. g4 Be6 33. Bd5 Bxd5 34. Rxd5 Nc6 35. g5 Nd8 36. Bf6+ Ke6 37. Rxd8
Kf5 38. Rd5+ Ke6 39. Re5+ Kd6 40. Kd2 Kd7 41. Kd3 Kd6 42. Kd4 Kd7 43. Kd5
Kc8 44. Re7 Kd8 45. Kc6 b5 46. b3 h6 47. g6 Kc8 48. g7 Kb8 49. g8=Q# {
Black checkmated } 1-0

[Event "ICC tourney 2603 (40 5)"]
[Site "Internet Chess Club"]
[Date "2021.06.13"]
[Round "4"]
[White "YANG, ALEXANDER:K05-16917728"]
[Black "YIN, HAOXUAN:K05-16009384"]
[Result "1-0"]
[ICCResult "Black checkmated"]
[WhiteElo "1495"]
[BlackElo "776"]
[Opening "QGD: Tarrasch defense"]
[ECO "D32"]
[NIC "TD.10"]
[Time "11:01:06"]
[PlyCount "43"]
[TimeControl "2400+5"]

1. d4 e6 2. c4 d5 3. Nc3 c5 4. e3 Nc6 5. Nf3 Nf6 6. Be2 Be7 7. O-O O-O 8.
b3 b6 9. Bb2 Bb7 10. Rc1 Nb4 11. a3 Na6 12. Bd3 Ne4 13. Qe2 Ng5 14. Nxg5
Bxg5 15. f4 Bh6 16. cxd5 cxd4 17. exd4 Nc7 18. dxe6 Nxe6 19. d5 Nxf4 20.
Rxf4 Bxf4 21. Qe4 Bd6 22. Qxh7# { Black checkmated } 1-0

[Event "ICC tourney 2603 (40 5)"]
[Site "Internet Chess Club"]
[Date "2021.06.13"]
[Round "4"]
[White "SHANMUGAM, MEERA:K05-16606945"]
[Black "BIRD, BRIAN:K05-15768143"]
[Result "1/2-1/2"]
[ICCResult "Game drawn by mutual agreement"]
[WhiteElo "1225"]
[BlackElo "1531"]
[Opening "Caro-Kann: Tartakower (Nimzovich) variation"]
[ECO "B15"]
[NIC "CK.06"]
[Time "11:00:20"]
[PlyCount "105"]
[TimeControl "2400+5"]

1. e4 c6 2. d4 d5 3. Nc3 dxe4 4. Nxe4 Nf6 5. Nxf6+ exf6 6. Nf3 Bd6 7. Bc4
O-O 8. Be3 Qc7 9. Qd2 Nd7 10. h3 Nb6 11. Bb3 Nd5 12. Bxd5 cxd5 13. g4 Re8
14. O-O-O a5 15. Rdg1 b5 16. g5 f5 17. h4 b4 18. Qd3 a4 19. h5 Be6 20. g6
h6 21. gxf7+ Kxf7 22. Rg2 Qc4 23. Qxc4 dxc4 24. Rhg1 Rg8 25. Rg6 f4 26. Bd2
b3 27. a3 bxc2 28. d5 Bxd5 29. Rxd6 Bxf3 30. Kxc2 Be4+ 31. Kc1 Bd3 32. Bxf4
Rge8 33. Rd7+ Re7 34. Rxe7+ Kxe7 35. Rxg7+ Kf6 36. Rg1 Rh8 37. Re1 Kf5 38.
Be3 Re8 39. Kd2 Re6 40. Kd1 Be4 41. Kd2 Bd3 42. f3 Rd6 43. Kc3 Rc6 44. Kb4
Bc2 45. Kb5 Re6 46. Kxc4 Bb3+ 47. Kc3 Rc6+ 48. Kb4 Rc4+ 49. Kb5 Rh4 50.
Bxh6 Rxh5 51. Bg7 Kf4+ 52. Kb4 Kxf3 53. Bf6 { Game drawn by mutual
agreement } 1/2-1/2

[Event "ICC tourney 2603 (40 5)"]
[Site "Internet Chess Club"]
[Date "2021.06.13"]
[Round "4"]
[White "ZIEGLER, NATE:K05-15967852"]
[Black "LIU, NATHAN CHANG:K05-16650672"]
[Result "1-0"]
[ICCResult "Black checkmated"]
[WhiteElo "1873"]
[BlackElo "1531"]
[Opening "Queen's pawn game"]
[ECO "D05"]
[NIC "QP.08"]
[Time "11:00:50"]
[PlyCount "131"]
[TimeControl "2400+5"]

1. d4 d5 2. Nf3 Nf6 3. e3 e6 4. Bd3 Bd6 5. O-O O-O 6. Nbd2 Nbd7 7. b3 e5 8.
dxe5 Nxe5 9. Nxe5 Bxe5 10. Rb1 Ne8 11. Qh5 Nf6 12. Qxe5 Re8 13. Qg3 c6 14.
Bb2 Kh8 15. Rbd1 Nh5 16. Qf3 Qg5 17. h3 f5 18. Be2 Nf6 19. c4 dxc4 20. Nxc4
Ne4 21. Ne5 Kg8 22. Qh5 Qxh5 23. Bxh5 g6 24. Be2 Be6 25. Bc4 Bxc4 26. Nxc4
Rad8 27. Rd4 Rxd4 28. Bxd4 c5 29. Bb2 Rd8 30. Rc1 b6 31. Kf1 b5 32. Na3 Rd2
33. Rc2 b4 34. Rxd2 Nxd2+ 35. Ke2 bxa3 36. Kxd2 axb2 37. Kc2 b1=Q+ 38. Kxb1
Kf7 39. Kc2 Ke6 40. Kd3 Kd5 41. a3 g5 42. g4 f4 43. exf4 gxf4 44. f3 h6 45.
h4 a5 46. a4 Ke5 47. Kc4 Kd6 48. Kb5 Kd5 49. Kxa5 Kd4 50. Kb5 Ke3 51. a5
Kxf3 52. a6 Kxg4 53. a7 Kxh4 54. a8=Q Kg3 55. Qh1 f3 56. Qxh6 Kg2 57. Qf4
f2 58. Kxc5 Kg1 59. b4 Kh1 60. b5 Kg1 61. b6 Kg2 62. b7 f1=N 63. b8=Q Kg1
64. Qg8+ Kh1 65. Qf3+ Kh2 66. Qfg2# { Black checkmated } 1-0

[Event "ICC tourney 2603 (40 5)"]
[Site "Internet Chess Club"]
[Date "2021.06.13"]
[Round "4"]
[White "SATHISH, PRANAV:K05-16464655"]
[Black "YAO, HANCHI:K05-16512998"]
[Result "1-0"]
[ICCResult "Black checkmated"]
[WhiteElo "1762"]
[BlackElo "1636"]
[Opening "English opening"]
[ECO "A16"]
[NIC "EO.64"]
[Time "11:00:35"]
[PlyCount "55"]
[TimeControl "2400+5"]

1. c4 Nf6 2. Nc3 Nc6 3. g3 e5 4. Bg2 Bc5 5. e3 O-O 6. Nge2 Re8 7. O-O a6 8.
d4 exd4 9. exd4 Ba7 10. h3 d6 11. Be3 Bf5 12. a3 Qd7 13. Kh2 Ne7 14. Bg5 c6
15. Bxf6 gxf6 16. Nf4 Bg6 17. h4 Kh8 18. Bh3 Qc7 19. Re1 h6 20. Qd2 Kg7 21.
Ne4 Nf5 22. Bxf5 Bxf5 23. Nh5+ Kg6 24. Nexf6 Rxe1 25. Rxe1 Qb6 26. g4 Be6
27. Qc2+ Bf5 28. Qxf5# { Black checkmated } 1-0

[Event "ICC tourney 2603 (40 5)"]
[Site "Internet Chess Club"]
[Date "2021.06.13"]
[Round "4"]
[White "LI, JINGTU OSCAR:K05-16113408"]
[Black "ADEWUMI, TANITOLUWA:K05-16649696"]
[Result "0-1"]
[ICCResult "White resigns"]
[WhiteElo "1449"]
[BlackElo "2223"]
[Opening "King's Indian: Zinnowitz variation"]
[ECO "E90"]
[NIC "KI.21"]
[Time "11:00:22"]
[PlyCount "104"]
[TimeControl "2400+5"]

1. d4 Nf6 2. c4 g6 3. Nc3 Bg7 4. e4 O-O 5. Nf3 d6 6. Bg5 h6 7. Bh4 Bg4 8.
Be2 Nc6 9. O-O Bxf3 10. Bxf3 e5 11. dxe5 Nxe5 12. Bg3 Nxc4 13. b3 Ne5 14.
Bxe5 dxe5 15. Qxd8 Rfxd8 16. Rfd1 c6 17. Kf1 Rd4 18. Ne2 Rdd8 19. Nc3 Bf8
20. Rxd8 Rxd8 21. Rd1 Rxd1+ 22. Nxd1 Bc5 23. Ke2 Kf8 24. Ne3 Bxe3 25. Kxe3
Ke7 26. Kd3 b5 27. Kc3 a5 28. h3 Kd6 29. Kd3 Kc5 30. Kc3 Ne8 31. a3 b4+ 32.
axb4+ axb4+ 33. Kd3 Nc7 34. Bd1 Nb5 35. Bc2 Nd4 36. Bd1 Kb5 37. f4 f6 38.
g3 c5 39. fxe5 fxe5 40. h4 h5 41. g4 hxg4 42. Bxg4 Nxb3 43. Bf5 c4+ 44. Ke3
c3 45. Kd3 gxf5 46. exf5 Nc5+ 47. Kc2 Kc4 48. h5 b3+ 49. Kd1 b2 50. Kc2 Nb3
51. h6 Nd4+ 52. Kb1 Kb3 { White resigns } 0-1

[Event "ICC tourney 2603 (40 5)"]
[Site "Internet Chess Club"]
[Date "2021.06.13"]
[Round "4"]
[White "JAIN, KANISHK:K05-16575412"]
[Black "BEAR, NICHOLAS D:K05-16056078"]
[Result "0-1"]
[ICCResult "White resigns"]
[WhiteElo "537"]
[BlackElo "1714"]
[Opening "Sicilian: Alapin's variation (2.c3)"]
[ECO "B22"]
[NIC "SI.46"]
[Time "11:00:24"]
[PlyCount "62"]
[TimeControl "2400+5"]

1. e4 c5 2. c3 d5 3. exd5 Qxd5 4. Nf3 Nc6 5. Bb5 Bg4 6. Be2 Nf6 7. d4 cxd4
8. cxd4 e6 9. Nc3 Bb4 10. a3 Bxc3+ 11. bxc3 O-O 12. O-O Rac8 13. Bf4 Na5
14. Be5 Rxc3 15. Bxf6 gxf6 16. Nh4 Bxe2 17. Qxe2 Qxd4 18. g3 Qe5 19. Qg4+
Qg5 20. Qb4 Rc4 21. Nf3 Rxb4 22. Nxg5 Ra4 23. Nf3 Nc4 24. Rfb1 Rb8 25. Rb3
b5 26. Nd4 b4 27. Nc6 Rb6 28. Nxb4 a5 29. Nd3 Rxb3 30. Nc5 Rbxa3 31. Rf1
Nd2 { White resigns } 0-1

[Event "ICC tourney 2603 (40 5)"]
[Site "Internet Chess Club"]
[Date "2021.06.13"]
[Round "4"]
[White "GOLSEFIDY, SEPEHR:K05-16686975"]
[Black "MORITANI, SHO:K05-16760848"]
[Result "0-1"]
[ICCResult "White resigns"]
[WhiteElo "1882"]
[BlackElo "1456"]
[Opening "Sicilian defense"]
[ECO "B40"]
[NIC "SI.43"]
[Time "11:00:22"]
[PlyCount "56"]
[TimeControl "2400+5"]

1. e4 c5 2. Nf3 e6 3. c3 Nf6 4. e5 Nd5 5. d4 cxd4 6. cxd4 Nc6 7. Nc3 Nxc3
8. bxc3 d6 9. Bf4 Be7 10. Bd3 dxe5 11. Nxe5 Nxe5 12. Bxe5 O-O 13. O-O Bd7
14. Re1 Bc6 15. Re3 f5 16. f4 Bf6 17. Qe2 Qe8 18. Bxf5 Bxe5 19. Rxe5 Rxf5
20. Rxf5 exf5 21. Qd2 Qf7 22. Rc1 Qc4 23. Rd1 Bd5 24. Qe3 Rc8 25. Qe5 Qxa2
26. Kf1 Qxg2+ 27. Ke1 Qg1+ 28. Kd2 Qf2+ { White resigns } 0-1

[Event "ICC tourney 2603 (40 5)"]
[Site "Internet Chess Club"]
[Date "2021.06.13"]
[Round "4"]
[White "PRASANNA, KEVIN FRANCO:K05-15771571"]
[Black "ROY, AYUSH:K05-16710940"]
[Result "1-0"]
[ICCResult "Black checkmated"]
[WhiteElo "1346"]
[BlackElo "1547"]
[Opening "Sicilian defense"]
[ECO "B44"]
[NIC "SI.39"]
[Time "11:00:25"]
[PlyCount "129"]
[TimeControl "2400+5"]

1. e4 c5 2. Nf3 Nc6 3. d4 cxd4 4. Nxd4 e6 5. Nxc6 bxc6 6. Nc3 Bb4 7. Bd2
Ne7 8. a3 Ba5 9. Na4 Bxd2+ 10. Qxd2 O-O 11. Be2 d5 12. exd5 cxd5 13. O-O
Bb7 14. Nc5 Bc6 15. Nb3 e5 16. h3 d4 17. f4 Qd5 18. Bf3 e4 19. Bxe4 Qxe4
20. Rfe1 Qd5 21. Rxe7 Rfe8 22. Rae1 Rxe7 23. Rxe7 d3 24. Re5 Qc4 25. Qxd3
Qxf4 26. Re2 Qg5 27. Rf2 Rd8 28. Qf5 Qe7 29. Rf1 f6 30. Qf2 Qf7 31. Qc5 Rc8
32. Na5 Bd7 33. Qxa7 Rxc2 34. Qb8+ Rc8 35. Qb7 Qe7 36. Rd1 Qc5+ 37. Kh1 Be6
38. Nb3 Qc2 39. Rc1 Qf5 40. Rxc8+ Bxc8 41. Qb8 Kf7 42. Qc7+ Kg6 43. Nd4
Qb1+ 44. Kh2 Qxb2 45. Qxc8 Qxd4 46. Qg4+ Qxg4 47. hxg4 Kf7 48. Kg3 Ke6 49.
Kf4 Kd5 50. Kf5 Kd6 51. a4 Kc5 52. Ke6 Kb4 53. Kf7 g6 54. Kxf6 Kxa4 55. Kg7
Kb5 56. Kxh7 Kc6 57. Kxg6 Kd6 58. Kf6 Kd7 59. Kf7 Kd6 60. g5 Ke5 61. g6 Kf4
62. g7 Kg5 63. g8=Q+ Kh4 64. Kf6 Kh5 65. Qg5# { Black checkmated } 1-0

[Event "ICC tourney 2603 (40 5)"]
[Site "Internet Chess Club"]
[Date "2021.06.13"]
[Round "4"]
[White "XIA, RUOXIAO:K05-16025390"]
[Black "KANG, DYLAN TAEWOONG:K05-16103622"]
[Result "1-0"]
[ICCResult "Black resigns"]
[WhiteElo "1921"]
[BlackElo "1601"]
[Opening "Modern defense: Averbakh system, Randspringer variation"]
[ECO "A40"]
[NIC "KF.04"]
[Time "11:00:35"]
[PlyCount "37"]
[TimeControl "2400+5"]

1. d4 g6 2. c4 Bg7 3. Nc3 d6 4. e4 f5 5. Nf3 Nf6 6. Bd3 e6 7. O-O O-O 8.
Re1 Nc6 9. exf5 exf5 10. Bc2 Nb4 11. Bf4 Nxc2 12. Qxc2 b6 13. Rad1 Bb7 14.
d5 Nd7 15. Ng5 Re8 16. Ne6 Qf6 17. Bg5 Qf7 18. Nxc7 Rxe1+ 19. Rxe1 { Black
resigns } 1-0

[Event "ICC tourney 2603 (40 5)"]
[Site "Internet Chess Club"]
[Date "2021.06.13"]
[Round "4"]
[White "SELVAM, SWAGATHA:K05-16203181"]
[Black "SAKALIYSKI, CHRISTOPHER KIRILOV:K05-16115040"]
[Result "0-1"]
[ICCResult "White checkmated"]
[WhiteElo "1289"]
[BlackElo "1345"]
[Opening "Modern defense: Averbakh system, Kotov variation"]
[ECO "A42"]
[NIC "KF.03"]
[Time "11:00:19"]
[PlyCount "82"]
[TimeControl "2400+5"]

1. d4 d6 2. c4 g6 3. Nc3 Bg7 4. e4 Nc6 5. Nf3 Bg4 6. Ne2 Bxf3 7. gxf3 e5 8.
d5 Nce7 9. Bh3 Nf6 10. Qd3 Nd7 11. f4 Nc5 12. Qf3 c6 13. f5 Nc8 14. Rg1 Nb6
15. b3 a5 16. Ng3 a4 17. Nh5 gxh5 18. Rxg7 Qf6 19. Qg3 axb3 20. a3 Nd3+ 21.
Qxd3 Qxg7 22. dxc6 Qf6 23. Be3 b2 24. Rb1 Na4 25. cxb7 Rb8 26. Qb3 Nc5 27.
Qb5+ Kf8 28. Bxc5 dxc5 29. Qxc5+ Qe7 30. Qc8+ Kg7 31. Qc6 f6 32. Rxb2 Rhd8
33. c5 Rd7 34. f4 Rdxb7 35. Rg2+ Kf8 36. Rd2 Rc7 37. Qa4 Qxc5 38. fxe5 Qe3+
39. Re2 Rb1+ 40. Qd1 Rxd1+ 41. Kxd1 Rc1# { White checkmated } 0-1

[Event "ICC tourney 2603 (40 5)"]
[Site "Internet Chess Club"]
[Date "2021.06.13"]
[Round "4"]
[White "DUNIKOV, GLIB:K05-16572317"]
[Black "JIANG, LUCAS:K05-16314627"]
[Result "0-1"]
[ICCResult "White checkmated"]
[WhiteElo "1502"]
[BlackElo "1953"]
[Opening "KGA: Keres (Mason-Steinitz) gambit"]
[ECO "C33"]
[NIC "KG.03"]
[Time "11:00:20"]
[PlyCount "58"]
[TimeControl "2400+5"]

1. e4 e5 2. f4 exf4 3. Nc3 Qh4+ 4. Ke2 Ne7 5. Nf3 Qh5 6. d4 g5 7. d5 Bg7 8.
d6 cxd6 9. Nb5 O-O 10. Nc7 d5 11. exd5 d6 12. Nxa8 Na6 13. Kf2 Nc5 14. Bd3
Nxd3+ 15. Qxd3 Bf5 16. Qe2 Nxd5 17. Rd1 Nb4 18. Qb5 Bxc2 19. Rd2 Be4 20.
Qxb4 Bxf3 21. Nc7 g4 22. Qxf4 Be5 23. Qe3 Qxh2 24. Qg5+ Kh8 25. Ke3 Qg1+
26. Kd3 Qd4+ 27. Kc2 Qc4+ 28. Kb1 Be4+ 29. Rd3 Bxd3# { White checkmated }
0-1

[Event "ICC tourney 2603 (40 5)"]
[Site "Internet Chess Club"]
[Date "2021.06.13"]
[Round "4"]
[White "RAJARAM, ROHAN:K05-15739716"]
[Black "ARAVINDAKSHAN, SAHANA:K05-16741147"]
[Result "1-0"]
[ICCResult "Black checkmated"]
[WhiteElo "1905"]
[BlackElo "1587"]
[Opening "Old Indian: Ukrainian variation"]
[ECO "A53"]
[NIC "OI.04"]
[Time "11:00:26"]
[PlyCount "117"]
[TimeControl "2400+5"]

1. d4 Nf6 2. c4 d6 3. Nc3 e5 4. dxe5 dxe5 5. Qxd8+ Kxd8 6. Bg5 Be6 7.
O-O-O+ Nd7 8. Nf3 Bd6 9. e4 Ke7 10. Be2 Rhe8 11. Rd2 Kf8 12. Rhd1 Bb4 13.
Bd3 Bxc3 14. bxc3 Rad8 15. Bxf6 gxf6 16. Be2 Ra8 17. Rxd7 Bxd7 18. Rxd7 Re7
19. Rxe7 Kxe7 20. Nh4 Rd8 21. Nf5+ Kd7 22. Kc2 Ke8 23. c5 Kf8 24. Bc4 Rd7
25. Bb5 c6 26. Bc4 Ke8 27. Nd6+ Kf8 28. Nxf7 Rxf7 29. Bxf7 Kxf7 30. g4 Kg6
31. h4 h6 32. Kd2 Kf7 33. Ke3 Ke7 34. a4 Kf7 35. a5 a6 36. c4 Ke6 37. f4
Kf7 38. g5 hxg5 39. hxg5 fxg5 40. f5 g4 41. Kf2 Kf6 42. Kg2 Kg5 43. Kg3 Kh5
44. f6 Kg6 45. Kxg4 Kxf6 46. Kh5 Kf7 47. Kg5 Ke6 48. Kg6 Ke7 49. Kf5 Kf7
50. Kxe5 Ke7 51. Kf5 Kf7 52. e5 Ke7 53. e6 Ke8 54. Kf6 Kf8 55. e7+ Ke8 56.
Ke6 b5 57. axb6 a5 58. b7 a4 59. b8=Q# { Black checkmated } 1-0

[Event "ICC tourney 2603 (40 5)"]
[Site "Internet Chess Club"]
[Date "2021.06.13"]
[Round "4"]
[White "KONG, MILOJAMES:K05-16203724"]
[Black "RAO, ANJANEYA SRIPATHY:K05-16442373"]
[Result "0-1"]
[ICCResult "White checkmated"]
[WhiteElo "1570"]
[BlackElo "1898"]
[Opening "Sicilian defense"]
[ECO "B34"]
[NIC "SI.34"]
[Time "11:00:26"]
[PlyCount "120"]
[TimeControl "2400+5"]

1. e4 c5 2. Nf3 Nc6 3. d4 cxd4 4. Nxd4 Nf6 5. Nc3 g6 6. Be3 Bg7 7. f3 O-O
8. Bc4 a6 9. a4 Qb6 10. Qd2 Nxe4 11. Nxe4 Bxd4 12. Bxd4 Nxd4 13. c3 Nf5 14.
h4 d5 15. Bxd5 Ne3 16. a5 Qa7 17. Ke2 Nxd5 18. Qxd5 Be6 19. Qd4 Qxd4 20.
cxd4 Rfd8 21. Rad1 b6 22. Ke3 bxa5 23. Ra1 Rab8 24. Rhb1 Rb3+ 25. Nc3 Bf5
26. Rd1 Rxb2 27. g4 Rb3 28. gxf5 Rxc3+ 29. Kf4 Rd5 30. fxg6 hxg6 31. Ke4 e6
32. Rg1 Kg7 33. Ra4 f5+ 34. Kf4 Kf6 35. Rg5 Rd3 36. Rg1 R5xd4+ 37. Rxd4
Rxd4+ 38. Ke3 Rxh4 39. Ra1 a4 40. Ra3 Rb4 41. Kf2 g5 42. Kg3 e5 43. Kg2 g4
44. fxg4 Rxg4+ 45. Kf3 Kg5 46. Kf2 Rb4 47. Ke2 f4 48. Kf2 e4 49. Ke2 f3+
50. Kf2 Rb2+ 51. Kf1 Kf4 52. Ke1 f2+ 53. Kf1 e3 54. Rxa4+ Kf3 55. Rf4+ Kxf4
56. Kg2 f1=Q+ 57. Kxf1 Kf3 58. Kg1 Rd2 59. Kh1 Kg3 60. Kg1 Rd1# { White
checkmated } 0-1

[Event "ICC tourney 2603 (40 5)"]
[Site "Internet Chess Club"]
[Date "2021.06.13"]
[Round "4"]
[White "WONG, WYATT:K05-17016313"]
[Black "KASHYAP, MAHATIB:K05-16792961"]
[Result "0-1"]
[ICCResult "White checkmated"]
[WhiteElo "1620"]
[BlackElo "1033"]
[Opening "Sicilian: Sozin, 7.Be3"]
[ECO "B89"]
[NIC "SI.26"]
[Time "11:00:19"]
[PlyCount "128"]
[TimeControl "2400+5"]

1. e4 c5 2. Nf3 d6 3. d4 cxd4 4. Nxd4 Nf6 5. Nc3 Nc6 6. Bc4 e6 7. Be3 Be7
8. O-O O-O 9. h3 a6 10. a3 Bd7 11. Qd2 b5 12. Bb3 Rc8 13. f4 Nh5 14. g4 Nf6
15. g5 Ne8 16. h4 Na5 17. Rf2 Nxb3 18. cxb3 f6 19. Raf1 e5 20. fxe5 dxe5
21. Nc2 Bh3 22. Qd5+ Qxd5 23. Nxd5 Bd8 24. Rd1 fxg5 25. Ncb4 a5 26. Nd3
gxh4 27. Nxe5 Rxf2 28. Bxf2 Rc2 29. Nf4 Bc7 30. Nxh3 Bxe5 31. Rd5 Bxb2 32.
Rxb5 Bxa3 33. Rxa5 Bb4 34. Ra8 Kf7 35. Ng5+ Ke7 36. Bxh4 Bc5+ 37. Kf1 Nf6
38. e5 Ng4 39. Ne4+ Ke6 40. Nxc5+ Rxc5 41. Re8+ Kf5 42. e6 Re5 43. e7 Nf6
44. Bg3 Re3 45. Bd6 Nxe8 46. Bc5 Rxb3 47. Kf2 Kf6 48. Kg2 Rc3 49. Bd4+ Kxe7
50. Bxc3 g5 51. Bd2 Kf6 52. Kg3 h5 53. Bc3+ Kf5 54. Kf3 Nf6 55. Kg2 Ne4 56.
Bd4 Kf4 57. Kh1 g4 58. Bg7 h4 59. Bh6+ Kf3 60. Kg1 g3 61. Bf8 h3 62. Bb4
Nf2 63. Bf8 h2+ 64. Kf1 h1=Q# { White checkmated } 0-1